 Dungeon Crawl Stone Soup version 0.29.0-11-gd7f09526c8 (webtiles) character file.

Game seed: 4627042626344668650

52147 Armakuni the Ruinous (level 15, -4/90 HPs)
             Began as a Human Conjurer on Sept 4, 2022.
             Was a High Priest of Vehumet.
             Engulfed by a cloud of freezing vapour (19 damage)
             ... on level 4 of the Lair of Beasts.
             The game lasted 01:08:00 (22647 turns).

Armakuni the Ruinous (Human Conjurer)              Turns: 22647, Time: 01:08:01

Health: -4/90      AC: 13    Str: 24    XL:     15   Next: 4%
Magic:  4/29       EV: 12    Int: 28    God:    Vehumet [*****.]
Gold:   302        SH:  0    Dex: 20    Spells: 7/34 levels left

rFire   . . .      SeeInvis .   b - +1 flail "Ysio" {flame, Int+4}
rCold   . . .      Faith    .   (no shield)
rNeg    + . .      Spirit   .   D - +1 ring mail of Negation {Regen+ Str+2 Dex+4}
rPois   +          Reflect  .   q - +0 helmet
rElec   +          Harm     .   X - +1 cloak {rC+}
rCorr   .          Rampage  .   Q - +2 pair of gloves {hurl}
Will    ++...                   Y - +0 pair of boots "Zeti" {*Slow rElec rN+ Will+}
Stlth   ++........              R - amulet of regeneration
HPRegen 1.85/turn               V - ring "Cutoriet" {Fly rPois rC- Str+6 Dex+5}
MPRegen 0.21/turn               S - +6 ring of strength

@: flying, studying Stealth
A: no striking features
a: Renounce Religion


You were on level 4 of the Lair of Beasts.
You worshipped Vehumet.
Vehumet was extremely pleased with you.
You visited 3 branches of the dungeon, and saw 17 of its levels.
You also visited: Sewer and Ice Cave.

You collected 1947 gold pieces.
You spent 1645 gold pieces at shops.

Inventory:

Hand Weapons
 a - a +3 vampiric quarterstaff
 b - the +1 flail "Ysio" (weapon) {flame, Int+4}
   (You found it on level 9 of the Dungeon)

   It burns those it strikes, dealing additional fire damage.
   Int:       It affects your intelligence (+4).
Missiles
 f - 7 throwing nets
 y - 6 curare-tipped darts
Armour
 q - a +0 helmet (worn)
 D - the +1 ring mail of Negation (worn) {Regen+ Str+2 Dex+4}
   (You found it on level 5 of the Dungeon)

   Str:       It affects your strength (+2).
   Dex:       It affects your dexterity (+4).
   Regen:     It increases your rate of health regeneration.
 Q - a +2 pair of gloves of hurling (worn)
 X - a +1 cloak of cold resistance (worn)
 Y - the +0 pair of boots "Zeti" (worn) {*Slow rElec rN+ Will+}
   (You found it on level 9 of the Dungeon)

   rElec:     It insulates you from electricity.
   rN:        It protects you from negative energy.
   *Slow:     It may slow you when you take damage.
   Will:      It increases your willpower.
Jewellery
 J - a ring of ice
 K - a ring of resist corrosion
 R - an amulet of regeneration (around neck)
 S - a +6 ring of strength (right hand)
 V - the ring "Cutoriet" (left hand) {Fly rPois rC- Str+6 Dex+5}
   (You found it in an ice cave)

   [ring of strength]

   Str:       It affects your strength (+6).
   Dex:       It affects your dexterity (+5).
   rC:        It makes you vulnerable to cold.
   rPois:     It protects you from poison.
   Fly:       It grants you flight.
Wands
 c - a wand of charming (10)
 g - a wand of digging (4)
 u - a wand of light (6)
 v - a wand of flame (36)
 F - a wand of roots (3)
 W - a wand of polymorph (8)
 Z - a wand of mindburst (8)
Scrolls
 i - 2 scrolls of magic mapping
 o - 6 scrolls of fear
 s - 3 scrolls of blinking
 t - 8 scrolls of teleportation
 w - 5 scrolls of vulnerability
 x - 4 scrolls of amnesia
 B - 3 scrolls of immolation
 E - 4 scrolls of noise
 H - a scroll of summoning
 L - 2 scrolls of fog
 M - 2 scrolls of poison
 N - a scroll of identify
 O - a scroll of torment
 T - 10 scrolls of enchant armour
 U - a scroll of brand weapon
Potions
 d - 5 potions of lignification
 e - a potion of mutation
 h - 2 potions of invisibility
 k - a potion of berserk rage
 m - 8 potions of brilliance
 n - 2 potions of heal wounds
 p - 3 potions of haste
 r - 5 potions of flight
 z - a potion of cancellation
 A - 4 potions of ambrosia
 C - 7 potions of curing
 G - 2 potions of magic
 I - 5 potions of might
Miscellaneous
 j - a condenser vane
 l - a lightning rod (4/4)


   Skills:
 - Level 2.0 Dodging
 - Level 2.0 Stealth
 - Level 10.0 Spellcasting
 + Level 21.4 Conjurations
 - Level 6.0 Fire Magic
 - Level 4.0 Air Magic


You had 7 spell levels left.
You knew the following spells:

 Your Spells              Type           Power      Damage    Failure   Level
a - Stone Arrow           Conj/Erth      100%       3d13      1%          3
b - Starburst             Conj/Fire      37%        6d11      1%          6
h - Swiftness             Air            36%        N/A       3%          3
j - Freezing Cloud        Conj/Ice/Air   28%        6-21      1%          5
m - Iskenderun's Mystic   Conj/Tloc      65%        2d13      1%          4
p - Fulminant Prism       Conj/Hex       32%        3d16      1%          4
z - Searing Ray           Conj           100%       2d8       0%          2

Your spell library contained the following spells:

 Spells                   Type           Power      Damage    Failure   Level
 Ozocubu's Refrigeration  Ice            7%         4d9       100%        7
 Magic Dart               Conj           100%       1d8       0%          1
 Freeze                   Ice            56%        1d7       1%          1
 Sandblast                Erth           28%        2d8       1%          1
 Shock                    Conj/Air       100%       1d9       1%          1
 Dazzling Flash           Conj/Hex       100%       N/A       1%          3
 Flame Wave               Conj/Fire      74%        2d16      1%          4
 Hailstorm                Conj/Ice       65%        3d14      1%          4
 Airstrike                Air            18%        2d(3-19)  3%          4
 Frozen Ramparts          Ice            28%        1d5       5%          3
 Beastly Appendage        Tmut           28%        N/A       6%          1
 Passwall                 Tmut/Erth      11%        N/A       10%         2
 Wereblood                Tmut           14%        N/A       10%         2
 Spider Form              Tmut/Pois      14%        N/A       19%         3
 Simulacrum               Ice/Necr       7%         N/A       100%        6
 Polar Vortex             Ice            7%         N/A       100%        9


Dungeon Overview and Level Annotations

Branches:
Dungeon (11/15)            Temple (0/1) D:7            Lair (3/5) D:11
  Swamp (0/4) Lair:2       Spider (0/4) Lair:2          Orc (2/2) D:11
    Elf (0/3) Orc:2         Sewer (visited)           IceCv (visited)

Altars:
Ashenzari
Cheibriados
Dithmenos
Fedhas
Gozag
Kikubaaqudgha
Nemelex Xobeh
Qazlal
Ru
Sif Muna
Trog
Vehumet
Wu Jian
Xom
Yredelemnul
The Shining One

Shops:
D:1 ?   D:2 !   Orc:2 *[?:

Portals:
Pandemonium: Orc:2


Message History

Press: ? - help, Dir - move target, f - electric eel
Aim: an electric eel You are engulfed in freezing vapours.
A dream sheep comes into view.
The electric eel is engulfed in freezing vapours.
The electric eel seems to slow down.
Casting: Freezing Cloud (dangerous; 1% risk of failure)
Confirm with . or Enter, or press ? or * to list all spells.
Aiming: Freezing Cloud (dangerous; 1% risk of failure)
Press: ? - help, Dir - move target, p - electric eel The dream sheep bleats!
You are engulfed in freezing vapours.
* * * LOW HITPOINT WARNING * * *
The dream sheep is engulfed in freezing vapours.
The dream sheep shake their wool and sparkle.
You feel drowsy...
You fall asleep.
The electric eel is engulfed in freezing vapours.
You kill the electric eel!
Vehumet accepts your kill.
You feel your power returning.
You hear a splash.
You are engulfed in freezing vapours.
You wake up.
* * * LOW HITPOINT WARNING * * *
The dream sheep is engulfed in freezing vapours.
You kill the dream sheep!
Vehumet accepts your kill.
You feel your power returning.
The electric eel is engulfed in freezing vapours.
You kill the electric eel!
Vehumet accepts your kill.
You feel your power returning.
Unknown command.
Unknown command.
Casting: Freezing Cloud (dangerous; 1% risk of failure)
Confirm with . or Enter, or press ? or * to list all spells.
Aiming: Freezing Cloud (dangerous; 1% risk of failure)
Press: ? - help, Dir - move target, f - dream sheep
Aim: a dream sheep You are engulfed in freezing vapours.
You die...

.............#
##....^..
....#.##P....##
.......
...######.....###
....... ####
###.†...# ...§§..
# ##....##..§§§~.
#.........§§§≈≈
.#......†○.§§☼§≈
.........☼.§§°§≈≈
.......#@§§§§☼§§≈
...#####.#☼§§.§§§≈
... ####§§§§§§~
#§§§§§. Y§Y§§.
.§§§.. #§§§. ##..
#.


You could see 2 dream sheep.

Vanquished Creatures
  Harold (D:9)
  Erolcha (D:9)
  2 boulder beetles
  2 hydras (Lair:2)
  A death knight (D:8)
  2 demonspawn (Orc:2)
  2 centaur warriors (D:8)
  3 two-headed ogres (D:11)
  3 death yaks (Lair:1)
  5 orc high priests (Orc:2)
  Sonja (D:10)
  A skeletal warrior (D:8)
  An orange crystal statue (D:9)
  A bog body (IceCv)
  A lindwurm (Lair:4)
  6 orc knights
  6 orc sorcerers (Orc:2)
  A wolf spider (Lair:2)
  An ugly thing (D:11)
  A rust devil (Orc:2)
  5 black mambas
  An ice statue (IceCv)
  A torpor snail (Lair:2)
  A gargoyle (D:10)
  2 cane toads
  2 rime drakes
  2 anaconda simulacra (IceCv)
  2 ice devils (IceCv)
  5 trolls
  A polar bear (Lair:1)
  A hornet (D:9)
  14 blink frogs
  7 dream sheep
  2 culicivoras (Lair:2)
  A vampire (D:11)
  3 ynoxinuls
  4 basilisks
  27 yaks
  A neqoxec (Orc:2)
  Grum (D:10)
  2 redbacks (Lair:2)
  A steam dragon (D:9)
  4 wargs
  2 harpy simulacra (IceCv)
  13 water moccasins
  A hydra simulacrum (IceCv)
  Duvessa (D:7)
  23 orc warriors
  A black bear (Lair:1)
  A sky beast (D:8)
  5 ogres
  20 ice beasts
  19 wolves
  6 centaurs
  A phantom (D:7)
  4 kobold brigands
  11 bullfrogs
  4 necrophages
  3 cane toad simulacra (IceCv)
  5 scorpions
  4 two-headed ogre simulacra (IceCv)
  4 wights (D:8)
  Dowan (D:7)
  2 elephant simulacra (IceCv)
  16 killer bees
  2 howler monkeys
  11 electric eels
  A jelly (D:5)
  19 orc priests
  A gnoll bouda (D:4)
  2 hounds
  An iguana (D:4)
  20 orc wizards
  2 polar bear simulacra (IceCv)
  4 troll simulacra (IceCv)
  4 spriggan simulacra (IceCv)
  A mummy (D:9)
  19 gnolls
  16 adders
  3 naga simulacra (IceCv)
  5 river rats (Sewer)
  A shadow imp (D:8)
  8 white imps
  9 ufetubi
  4 worms (Sewer)
  A dart slug (D:1)
  66 orcs
  11 bats
  9 endoplasms
  8 giant cockroaches
  13 goblins
  7 hobgoblins
  11 jackals
  22 kobolds
  6 quokkas
  15 ball pythons
  10 frilled lizards
  4 rats
595 creatures vanquished.

Vanquished Creatures (others)
  A bog body (IceCv)
  A centaur (D:9)
  14 fulminant prisms (D:9)
  15 fungi
  17 plants
  5 withered plants (D:9)
53 creatures vanquished.

Grand Total: 648 creatures vanquished

Notes
Turn   | Place    | Note
-------+----------+-------------------------------------------
     0 | D:1      | Armakuni the Human Conjurer began the quest for the Orb.
     0 | D:1      | Reached XP level 1. HP: 13/13 MP: 3/3
   222 | D:1      | Reached XP level 2. HP: 18/19 MP: 1/5
   228 | D:1      | Learned a level 2 spell: Searing Ray
   441 | D:1      | Reached XP level 3. HP: 20/24 MP: 2/6
   717 | D:1      | Reached skill level 5 in Conjurations
  1101 | D:1      | Found Okedys's Magic Scroll Emporium.
  1110 | D:1      | Bought a scroll of teleportation for 30 gold pieces
  1206 | D:2      | Reached XP level 4. HP: 30/30 MP: 3/7
  1257 | D:2      | Learned a level 4 spell: Fulminant Prism
  2105 | D:2      | Reached skill level 6 in Conjurations
  2105 | D:2      | Reached XP level 5. HP: 35/35 MP: 4/8
  2191 | D:2      | Found Qiogg's Distillery.
  2879 | D:3      | Found a glowing drain.
  2942 | Sewer    | Entered a sewer
  3497 | Sewer    | Reached XP level 6. HP: 41/41 MP: 6/9
  3573 | Sewer    | Reached skill level 7 in Conjurations
  4486 | D:3      | Found a faded altar of an unknown god.
  4612 | D:3      | Found a shimmering altar of Xom.
  5003 | D:4      | Reached skill level 8 in Conjurations
  5003 | D:4      | Reached XP level 7. HP: 34/46 MP: 4/10
  5187 | D:1      | Bought a scroll of brand weapon for 95 gold pieces
  5193 | D:1      | Bought a scroll of identify for 20 gold pieces
  5709 | D:4      | Learned a level 3 spell: Stone Arrow
  6080 | D:5      | Entered Level 5 of the Dungeon
  6287 | D:5      | Found a radiant altar of Vehumet.
  6297 | D:5      | Became a worshipper of Vehumet
  6465 | D:5      | Identified the +1 ring mail of Negation {Regen+ Str+2
                  | Dex+4}
  6530 | D:5      | Found an opulent altar of Gozag.
  6581 | D:5      | Reached skill level 9 in Conjurations
  6910 | D:5      | Reached XP level 8. HP: 45/52 MP: 3/11
  7111 | D:6      | Found a sacrificial altar of Ru.
  7630 | D:6      | Reached skill level 10 in Conjurations
  7740 | D:6      | Reached * piety under Vehumet
  7740 | D:6      | Offered knowledge of Foxfire by Vehumet.
  7815 | D:5      | Learned a level 4 spell: Iskenderun's Mystic Blast
  7829 | D:6      | Reached XP level 9. HP: 57/57 MP: 7/16
  7889 | D:6      | Reached skill level 5 in Spellcasting
  8651 | D:1      | Bought a scroll of enchant weapon for 75 gold pieces
  8651 | D:1      | Bought a scroll of immolation for 40 gold pieces
  8688 | D:2      | Bought a potion of might for 56 gold pieces
  8688 | D:2      | Bought a potion of brilliance for 56 gold pieces
  8725 | D:1      | Bought a scroll of enchant armour for 75 gold pieces
  8870 | D:7      | Noticed Duvessa
  8870 | D:7      | Noticed Dowan
  8874 | D:7      | Killed Duvessa
  8875 | D:7      | Killed Dowan
  8967 | D:7      | Found a stormy altar of Qazlal.
  9234 | D:7      | Found a staircase to the Ecumenical Temple.
  9303 | D:7      | Reached skill level 11 in Conjurations
  9516 | D:7      | Reached ** piety under Vehumet
  9516 | D:7      | Offered knowledge of Scorch by Vehumet.
  9734 | D:7      | Found a broken altar of Ashenzari.
 10027 | D:8      | Reached XP level 10. HP: 63/63 MP: 14/20
 10202 | D:8      | Found a shimmering blue altar of Sif Muna.
 10290 | D:8      | Reached skill level 12 in Conjurations
 10388 | D:8      | Found a bloodstained altar of Trog.
 10517 | D:8      | Found a shadowy altar of Dithmenos.
 10834 | D:8      | Noticed a death knight
 10834 | D:8      | Noticed a centaur warrior
 10835 | D:8      | Noticed a centaur warrior
 10836 | D:8      | Noticed a skeletal warrior
 10838 | D:8      | Killed a centaur warrior
 10839 | D:8      | Killed a death knight
 10839 | D:8      | Killed a centaur warrior
 10840 | D:8      | Reached XP level 11. HP: 38/68 MP: 22/24
 10842 | D:8      | Reached skill level 13 in Conjurations
 10852 | D:8      | Killed a skeletal warrior
 11151 | D:8      | Found a glowing golden altar of the Shining One.
 11214 | D:8      | Offered knowledge of Conjure Flame by Vehumet.
 11619 | D:9      | Found an ancient bone altar of Kikubaaqudgha.
 11620 | D:9      | Found a blossoming altar of Fedhas.
 11705 | D:9      | Noticed Harold
 11708 | D:9      | Reached *** piety under Vehumet
 11715 | D:9      | Killed Harold
 11738 | D:9      | HP: 3/68 [ice beast (14)]
 11741 | D:9      | Reached skill level 10 in Spellcasting
 11980 | D:9      | Noticed Erolcha
 11989 | D:9      | Killed Erolcha
 11990 | D:9      | Reached skill level 14 in Conjurations
 12197 | D:8      | Offered knowledge of Flame Wave by Vehumet.
 12213 | D:8      | Learned a level 4 spell: Flame Wave
 12526 | D:9      | Found an ornate altar of the Wu Jian Council.
 12608 | D:9      | Reached skill level 15 in Conjurations
 12763 | D:9      | Noticed an orange crystal statue
 12768 | D:9      | Reached **** piety under Vehumet
 12882 | D:9      | Killed an orange crystal statue
 12883 | D:9      | Reached XP level 12. HP: 74/74 MP: 9/26
 12888 | D:9      | Identified the +1 flail "Ysio" {flame, Int+4}
 12897 | D:9      | Identified the +0 pair of boots "Zeti" {*Slow rElec rN+
                  | Will+}
 12906 | D:9      | Learned a level 3 spell: Swiftness
 13107 | D:9      | Found a snail-covered altar of Cheibriados.
 13267 | D:9      | Reached skill level 1 in Air Magic
 13375 | D:10     | Entered Level 10 of the Dungeon
 13430 | D:10     | Found a sparkling altar of Nemelex Xobeh.
 13484 | D:10     | Noticed Grum
 13495 | D:10     | Offered knowledge of Freezing Cloud by Vehumet.
 13496 | D:10     | Killed Grum
 13503 | D:10     | Learned a level 5 spell: Freezing Cloud
 13571 | D:10     | Reached skill level 1 in Fire Magic
 13704 | D:10     | Found a basalt altar of Yredelemnul.
 13740 | D:10     | Noticed Sonja
 13747 | D:10     | Killed Sonja
 14466 | D:11     | Noticed a boulder beetle
 14472 | D:11     | Killed a boulder beetle
 14546 | D:11     | Reached skill level 5 in Fire Magic
 14553 | D:11     | Learned a level 6 spell: Starburst
 14581 | D:11     | Found a staircase to the Lair.
 14605 | D:11     | Noticed a two-headed ogre
 14606 | D:11     | Found a frozen archway.
 14610 | D:11     | Killed a two-headed ogre
 14624 | D:11     | Reached ***** piety under Vehumet
 14637 | IceCv    | Entered an ice cave
 14708 | IceCv    | Offered knowledge of Lightning Bolt by Vehumet.
 15411 | IceCv    | Reached skill level 16 in Conjurations
 15523 | IceCv    | Reached XP level 13. HP: 25/79 MP: 11/27
 15686 | IceCv    | Identified the ring "Cutoriet" {Fly rPois rC- Str+6 Dex+5}
 15934 | D:11     | Found a staircase to the Orcish Mines.
 16191 | D:11     | Reached skill level 17 in Conjurations
 16769 | Orc:1    | Entered Level 1 of the Orcish Mines
 16835 | Orc:2    | Entered Level 2 of the Orcish Mines
 17719 | Orc:2    | Found Zucylot's Magic Scroll Boutique.
 17727 | Orc:2    | Reached skill level 18 in Conjurations
 17812 | Orc:2    | Found Femuhit's General Store.
 17896 | Orc:2    | Offered knowledge of Yara's Violent Unravelling by Vehumet.
 18154 | Orc:2    | Found a staircase to the Elven Halls.
 18772 | Orc:2    | Noticed a demonspawn
 18777 | Orc:2    | Killed a demonspawn
 18790 | Orc:2    | Reached skill level 19 in Conjurations
 18790 | Orc:2    | Reached XP level 14. HP: 81/85 MP: 1/28
 18945 | Orc:2    | Found Xuemirr's Book Emporium.
 18945 | Orc:2    | Found Oqunluh's Antique Armour Shoppe.
 19052 | Orc:2    | Found a one-way gate leading to the halls of Pandemonium.
 19196 | Orc:2    | Bought a scroll of blinking for 105 gold pieces
 19196 | Orc:2    | Bought a scroll of blinking for 105 gold pieces
 19196 | Orc:2    | Bought a scroll of immolation for 56 gold pieces
 19198 | Orc:2    | Bought a scroll of blinking for 135 gold pieces
 19198 | Orc:2    | Bought a scroll of teleportation for 54 gold pieces
 19198 | Orc:2    | Bought a scroll of amnesia for 72 gold pieces
 19198 | Orc:2    | Bought a scroll of fear for 72 gold pieces
 19200 | Orc:2    | Bought a scroll of identify for 36 gold pieces
 19200 | Orc:2    | Bought a scroll of identify for 36 gold pieces
 19202 | Orc:2    | Bought a scroll of enchant weapon for 135 gold pieces
 19494 | D:2      | Bought a potion of curing for 42 gold pieces
 19494 | D:2      | Bought a potion of ambrosia for 112 gold pieces
 19494 | D:2      | Bought a potion of brilliance for 56 gold pieces
 19494 | D:2      | Bought a potion of berserk rage for 70 gold pieces
 19494 | D:2      | Bought 2 potions of brilliance for 112 gold pieces
 19738 | Lair:1   | Entered Level 1 of the Lair of Beasts
 19840 | Lair:1   | Reached skill level 20 in Conjurations
 21683 | Lair:2   | Offered knowledge of Ozocubu's Refrigeration by Vehumet.
 21798 | Lair:2   | Found a staircase to the Swamp.
 22090 | Lair:2   | Reached skill level 21 in Conjurations
 22174 | Lair:2   | Found a hole to the Spider Nest.
 22538 | Lair:3   | You are sucked into a shaft and drop 1 floor!
 22553 | Lair:4   | Reached XP level 15. HP: 88/90 MP: 24/29
 22647 | Lair:4   | Engulfed by a cloud of freezing vapour

Illustrated notes

Levels and vault maps discovered:
D:1:      dpeg_arrival_leaves_temple_mockup, layout_rooms, serial_shops,
          shop_statue, minmay_misc_feat_nine_boxes, minmay_heptomino_l4
D:2:      cheibrodos_old_hovel, layout_basic, serial_shops,
          nicolae_shop_advertising_works [nicolae_subvault_shop_adworks],
          minmay_increasing_density
D:3:      layout_loops_ring, marbit_many_paths,
          ebering_ecumenical_altar_sacrificial, portal_sewer_entry_f
D:4:      minmay_door_path, layout_basic
D:5:      layout_cave_pods, lemuel_round_altar, overflow_temple_1_default
D:6:      layout_cave_pools, lemuel_crystal_altar, kennysheep_diamond,
          dreamdust_wishing_well, dk_vineyard_2
D:7:      layout_cave_pools, mainiacjoe_overflow_tiny_flanked,
          mainiacjoe_overflow_alcove_2, minmay_temple_entry_poolview,
          amethyst_killhole, uniq_duvessa
D:8:      minmay_chambers_of_sevens, layout_loops_corners,
          nzn_overflow_gifts_of_might_and_magic, nicolae_tso_carved_into_rock,
          mainiacjoe_overflow_small_starburst
D:9:      minmay_twisted_water, layout_irregular_city,
          grunt_temple_overflow_growth_and_decay, slow_altar_2,
          nicolae_wu_jian_glorious_leap, minivault_15,
          nicolae_elevator_lobby_asterisk, uniq_erolcha, uniq_harold
D:10:     layout_loops_corners, overflow_temple_1_default, kennysheep_mini_moat,
          uniq_sonja, uniq_grum
D:11:     layout_loops_cross, lair_entry_dummy, david_orc_2,
          portal_ice_cave_entry_pillars_1, serial_aquarium,
          aquarium_bridge_island_small [aquarium_subvault_small_open,
          aquarium_subvault_wall, aquarium_subvault_bridge,
          aquarium_subvault_bridge, aquarium_subvault_wall],
          aquarium_bridge_straight [aquarium_subvault_bridge,
          aquarium_subvault_window, aquarium_subvault_bridge,
          aquarium_subvault_wall], aquarium_window_1, aquarium_window_3,
          aquarium_window_fake, aquarium_window_2, aquarium_view_2f,
          aquarium_view_2b, aquarium_balcony_double_4
Lair:1:   layout_regular_city, grunt_megastairs_1, lemuel_fruit_fields
Lair:2:   layout_long_grid, swamp_mist_pool, spider_nest_entry_funnel_web,
          lemuel_fruit_tree
Lair:3:   layout_roguey [special_room_bee], gauntlet_entry_generic, uniq_amaemon
Lair:4:   layout_hall_layers, grunt_megastairs_2, infiniplex_staircase_pool,
          serial_bayou_shore_b, serial_bayou_shore_b, serial_bayou_shore_a
Orc:1:    layout_diamond_mine
Orc:2:    pf_orc_diabolical, layout_diamond_mine

Skill      XL: |  1  2  3  4  5  6  7  8  9 10 11 12 13 14 |
---------------+-------------------------------------------+-----
Conjurations   | 5 6 8 9 10 11 12 15 16 19 21 | 21.4
Spellcasting   | 4 7 9 10 | 10.0
Air Magic      | 4 |  4.0
Fire Magic     | 6 |  6.0
Dodging        | |  2.0
Stealth        | |  2.0

Action                   |  1- 3 |  4- 6 |  7- 9 | 10-12 | 13-15 || total
-------------------------+-------+-------+-------+-------+-------++-------
Melee: Unarmed           |    16 |       |       |       |       ||    16
       Short sword       |     1 |       |       |       |       ||     1
       Mace              |       |    40 |    82 |       |       ||   122
       Whip              |       |       |     6 |       |       ||     6
       Punch             |       |       |     3 |       |     4 ||     7
       Quarterstaff      |       |       |       |   164 |    72 ||   236
       Flail             |       |       |       |       |   107 ||   107
Throw: Dart              |       |     1 |       |     3 |       ||     4
 Cast: Magic Dart        |    10 |       |       |       |       ||    10
       Searing Ray       |    17 |    65 |    72 |    31 |       ||   185
       Stone Arrow       |       |       |    20 |    54 |    12 ||    86
       Iskenderun's Myst |       |       |       |    33 |    46 ||    79
       Fulminant Prism   |       |       |       |    14 |       ||    14
       Flame Wave        |       |       |       |     6 |       ||     6
       Starburst         |       |       |       |    22 |   102 ||   124
       Freezing Cloud    |       |       |       |     1 |    26 ||    27
Evoke: Wand              |       |       |     2 |    11 |     6 ||    19
       Condenser vane    |       |       |       |     1 |     1 ||     2
       Lightning rod     |       |       |       |       |     6 ||     6
  Use: Potion            |     1 |     1 |     1 |     4 |     2 ||     9
       Scroll            |       |     4 |     5 |    11 |     8 ||    28
 Stab: Confused          |       |       |       |       |     2 ||     2
Armor: Robe              |    11 |    23 |     2 |       |       ||    36
       Ring mail         |       |       |    84 |   141 |   152 ||   377
Dodge: Dodged            |    32 |    78 |    96 |   194 |   209 ||   609
